 Dungeon Crawl Stone Soup version 0.30-a0-297-g0ec75d9ef4 (webtiles) character file.

Game seed: 2211496680239190480

1 AlucardOfBloodOrder the Scratcher (level 1, 0/9 HPs)
             Began as a Felid Transmuter on Oct 19, 2022.
             Slain by a gnoll
             ... wielding a +0 whip
              (6 damage)
             ... on level 1 of the Dungeon.
             The game lasted 00:00:35 (71 turns).

AlucardOfBloodOrder the Scratcher (Felid Transmuter)  Turns: 71, Time: 00:00:36

Health: 0/9        AC:  1    Str:  6    XL:     1   Next: 16%
Magic:  3/4        EV: 17    Int: 14    God:
Gold:   0          SH:  0    Dex: 16    Spells: 3/4 levels left
                                        Lives:  0   Deaths: 0

rFire   . . .      SeeInvis +      - Unarmed
rCold   . . .      Faith    .    (shield unavailable)
rNeg    . . .      Spirit   .    (body armour unavailable)
rPois   .          Reflect  .    (helmet unavailable)
rElec   .          Harm     .    (cloak unavailable)
rCorr   .          Rampage  .    (gloves unavailable)
Will    .....                    (boots unavailable)
Stlth   +.........               (no amulet)
HPRegen 0.21/turn                (no ring)
MPRegen 0.09/turn                (no ring)

@: appendages (expiring), quick
A: horns 2, very small, claws 1, fangs 3, see invisible, speed 1, shaggy fur 1,
stealthy paws, no weapons or thrown items, no armour, multi-lived
a: End Transformation


You were on level 1 of the Dungeon.
You had temporarily grown beastly horns.
You visited 1 branch of the dungeon, and saw 1 of its levels.

Inventory:

Potions
 a - a potion of lignification


   Skills:
 + Level 1.2 Fighting
 - Level 2.6 Dodging
 - Level 3.0 Unarmed Combat
 - Level 2.0 Spellcasting
 - Level 2.1 Transmutations


You had 3 spell levels left.
You knew the following spells:

 Your Spells              Type           Power      Damage    Failure   Level
a - Beastly Appendage     Tmut           14%        N/A       10%         1

Your spell library contained the following spells:

 Spells                   Type           Power      Damage    Failure   Level
 Wereblood                Tmut           7%         N/A       14%         2
 Spider Form              Tmut/Pois      4%         N/A       41%         3
 Ice Form                 Ice/Tmut       4%         N/A       83%         4


Dungeon Overview and Level Annotations

Branches:
Dungeon (1/15) Zot: 5940

Altars:


Innate Abilities, Weirdness & Mutations

You have temporarily grown beastly horns.
You have sharp claws.
You have razor-sharp teeth.
You have supernaturally acute eyesight. (SInv)
You cover ground quickly. (Speed+)
You are covered in fur. (AC +1)
Your paws help you pounce on unaware monsters.
You are incapable of wielding weapons or throwing items.
You cannot wear armour.
You gain extra lives every three experience levels.


Message History

Press ? for a list of commands and other information.
Found two stairs.
Found a scale mail.
A ball python comes into view.
Found a spear.
You grow a pair of large bovine horns.
Your transformation is almost over.
The ball python bites you. The ball python grabs you.
The ball python constricts you.
You claw the ball python!
You kill the ball python!
You start resting.
Your horns disappear.
HP restored.
You see here a +0 spear.
Found 3 boomerangs.
You see here 3 boomerangs.
Found a leather armour.
You see here a +0 leather armour.
A rat comes into view.
The rat closely misses you.
You completely miss the rat. You claw the rat.
You kill the rat!
You see here a rat corpse.
A kobold comes into view. It is wielding a +0 short sword.
Found 8 stones.
A gnoll comes into view. It is wielding a +0 whip.
The gnoll shouts!
The gnoll moves out of view.
You see here 8 stones.
A goblin comes into view. It is wielding a +0 dagger.
You grow a pair of large bovine horns.
The kobold shouts!
The goblin shouts!
You hear an angry hiss.
A quokka comes into view.
You scratch the gnoll but do no damage.
Your transformation is almost over.
The gnoll hits you with a +0 whip.
You closely miss the gnoll. The gnoll hits you with a +0 whip.
Ouch! That really hurt!
You die...

≈≈~≈≈≈...≈≈≈≈
≈≈~≈≈.≈≈≈.≈≈..
≈≈≈~>.≈≈≈≈..≈# .
≈≈≈≈.<~≈≈≈≈≈≈. .#
.≈≈≈.≈≈~≈≈≈≈≈# ..
≈...≈≈≈~≈≈≈≈≈# .#
≈≈≈≈≈≈≈~≈≈≈≈≈#### g.
8≈≈≈≈≈~≈≈8≈≈≈...##.#.#.#
≈≈≈≈≈~≈≈≈≈≈≈.##(@gK.....
≈≈≈≈≈~≈≈≈≈≈.######r#.#.#
≈≈≈≈≈≈~≈≈≈.## ..
......[....# .#
#######..#.# # ##.#.#
#.#.## ##### #.#..#
#...## #.##.#


You could see a gnoll, a quokka, a goblin and a kobold.

Vanquished Creatures
  A ball python (D:1)
  A rat (D:1)
2 creatures vanquished.

Notes
Turn   | Place    | Note
-------+----------+-------------------------------------------
     0 | D:1      | AlucardOfBloodOrder the Felid Transmuter began the quest
                  | for the Orb.
     0 | D:1      | Reached XP level 1. HP: 9/9 MP: 4/4
    71 | D:1      | Slain by a gnoll

Illustrated notes

Levels and vault maps discovered:
D:1:      nzn_arrival_water_spiral, layout_loops_ring, solitary_fountain

Action                   || total
-------------------------++-------
Melee: Unarmed           ||     4
       Punch             ||     1
 Cast: Beastly Appendage ||     2
Dodge: Dodged            ||     1

Table legend: (Time is in decaauts)
 A = Elapsed time spent in this place.
 B = Non-inter-level travel time spent in this place.
 C = Inter-level travel time spent in this place.
 D = Time resting spent in this place.
 E = Time spent auto-exploring this place.
 F = Levels seen in this place.
 G = Mean time per level.
                   A        B        C        D        E       F      G
               +--------+--------+--------+--------+--------+-----+--------+
         Total |     58 |     58 |      0 |      6 |      3 |   1 |   58.0 |
       Dungeon |     58 |     58 |      0 |      6 |      3 |   1 |   58.0 |
               +--------+--------+--------+--------+--------+-----+--------+

Top non-repeatable levels by time:
     D:1: 58 daAuts
